 Dungeon Crawl Stone Soup version 0.30.1-11-g7821555f0a (webtiles) character file.

Game seed: 4295717787632301141

43 CaptainMV the Trooper (level 3, -2/34 HPs)
             Began as a Naga Wanderer on Jan 16, 2024.
             Slain by Terence
             ... wielding a +0 mace of protection
              (7 damage)
             ... on level 2 of the Dungeon.
             The game lasted 00:07:27 (816 turns).

CaptainMV the Trooper (Naga Wanderer)                Turns: 816, Time: 00:07:29

Health: -2/34      AC:  3    Str: 14    XL:     3   Next: 58%
Magic:  3/4        EV:  9    Int: 11    God:
Gold:   49         SH:  0    Dex: 13    Spells: 3/4 levels left

rFire   . . .        a - +2 sling
rCold   . . .        (no shield)
rNeg    . . .        d - +0 leather armour
rPois   +            b - +0 helmet
rElec   .            (no cloak)
rCorr   .            (no gloves)
SInv    +            (no barding)
Will    .....        (no amulet)
Stlth   +            (no ring)
HPRegen 0.25/turn    (no ring)
MPRegen 0.09/turn

%: no passive effects
@: very slow
A: AC +1, large, see invisible, deformed body, poison resistance, slowness 2,
spit poison 1, naga tail 1
a: Spit Poison


You were on level 2 of the Dungeon.
You visited 1 branch of the dungeon, and saw 2 of its levels.

You collected 49 gold pieces.

Inventory:

Hand Weapons
 a - a +2 sling (weapon)
Missiles
 e - 3 javelins
Armour
 b - a +0 helmet (worn)
 d - a +0 leather armour (worn)
Scrolls
 c - a scroll of teleportation
 g - a scroll of immolation
 h - a scroll of identify
Potions
 f - 2 potions of haste


   Skills:
 + Level 3.4 Fighting
 + Level 2.5 Ranged Weapons
 + Level 1.2 Armour
 + Level 1.0 Dodging
 + Level 1.0 Stealth
 + Level 1.1 Spellcasting
 + Level 2.2 Summonings


You had 3 spell levels left.
You knew the following spells:

 Your Spells              Type           Power      Damage    Failure   Level
a - Summon Small Mammal   Summ           20%        N/A       16%         1

Your spell library contained the following spells:

 Spells                   Type           Power      Damage    Failure   Level
 Summon Guardian Golem    Hex/Summ       3%         N/A       58%         3
 Chain Lightning          Conj/Air       0%         N/A       100%        9
 Fire Storm               Conj/Fire      0%         5d1       100%        9
 Shatter                  Erth           0%         3d5*      100%        9


Dungeon Overview and Level Annotations

Branches:
Dungeon (2/15)

Altars:

Annotations:
D:2 Terence


Innate Abilities, Weirdness & Mutations

Your serpentine skin is tough. (AC +1)
You have supernaturally acute eyesight. (SInv)
Armour fits poorly on your strangely shaped body.
Your system is resistant to poisons. (rPois)
You cover ground very slowly.
You can spit poison.
You have a snake-like lower body.


Message History

Your bat hits Terence but does no damage.
Terence misses you.
Your bat closely misses Terence.
Terence hits you with a +0 mace of protection.
* * * LOW HITPOINT WARNING * * *
You shoot a sling bullet.
The sling bullet closely misses Terence.
Your bat hits Terence but does no damage. x2
Your bat barely misses Terence.
Terence barely misses you.
You shoot a sling bullet. The sling bullet hits Terence.
Terence is heavily wounded.
Your bat hits Terence but does no damage. x2
Terence barely misses you.
A worm comes into view.
You shoot a sling bullet. The sling bullet hits Terence.
Terence is severely wounded.
You have got your breath back.
Your bat hits Terence but does no damage.
Your bat barely misses Terence.
Your bat hits Terence but does no damage.
Terence barely misses you.
Your bat hits Terence but does no damage.
Terence drinks a potion.
Terence is healed!
The worm bites your bat.
You shoot a sling bullet.
The sling bullet hits Terence but does no damage.
Your bat hits Terence but does no damage. x4
Terence closely misses you.
You shoot a sling bullet. The sling bullet hits Terence.
Terence is lightly wounded.
Your bat closely misses Terence.
Your bat hits Terence but does no damage. x2
Terence hits you but does no damage.
Your bat barely misses Terence.
Your bat hits Terence but does no damage.
You shoot a sling bullet.
The sling bullet closely misses Terence.
Your bat hits Terence but does no damage.
Your bat barely misses Terence.
Your bat hits Terence but does no damage. x2
Your bat barely misses the worm.
Your bat barely misses Terence.
Terence hits you with a +0 mace of protection!
You die...

......#.....#.#
............#.#
####.##.#####.#
#.#<.......#
#.#.#......###### ###
#.#.#...........# ...
#.#.#.#...#####.# ..
#.#<#.#.#######.#.#####
#.#.#........@@bw.....#
#.#.###.#######b#...#.#
#.# #.# #.#...# #.. #.#
.... #.# ....# ... ....
... ...# #.#


You could see Terence (ally target), a worm and 2 friendly bats.

Vanquished Creatures
  An adder (D:2)
  2 dart slugs (D:1)
  7 bats
  A giant cockroach (D:1)
  2 goblins
  4 hobgoblins
  A quokka (D:1)
  2 ball pythons (D:1)
  2 kobolds (D:1)
  4 rats (D:1)
26 creatures vanquished.

Vanquished Creatures (collateral kills)
  A worm (D:2)
1 creature vanquished.

Grand Total: 27 creatures vanquished

Notes
Turn   | Place    | Note
-------+----------+-------------------------------------------
     0 | D:1      | CaptainMV the Naga Wanderer began the quest for the Orb.
     0 | D:1      | CaptainMV set off with the following items: a +2 sling, a
                  | +0 helmet, a scroll of teleportation, a +0 leather armour;
                  | and the following spell memorised: Summon Small Mammal; and
                  | the following spells available to memorise: Summon Guardian
                  | Golem.
     0 | D:1      | Reached XP level 1. HP: 21/21 MP: 2/2
    77 | D:1      | Reached XP level 2. HP: 20/28 MP: 0/3
   517 | D:1      | Reached XP level 3. HP: 27/34 MP: 1/4
   760 | D:2      | Reached skill level 1 in Stealth
   790 | D:2      | Noticed Terence
   816 | D:2      | Slain by Terence

Illustrated notes

Levels and vault maps discovered:
D:1:      roderic_dead_forest, layout_basic, minmay_bisected
D:2:      layout_basic, uniq_terence

Skill      XL: |  1  2  3 |
---------------+----------+-----
Ranged Weapons | 2 |  2.5
Stealth        | 1 |  1.0
Fighting       | |  3.4
Armour         | |  1.2
Dodging        | |  1.0
Spellcasting   | |  1.1
Summonings     | |  2.2

Action                     || total
---------------------------++-------
   Fire: Sling             ||    85
   Cast: Summon Small Mamm ||    13
Ability: Spit Poison       ||    13
    Use: Scroll            ||     3
 Armour: Leather armour    ||    34
  Dodge: Dodged            ||    63
